 Dungeon Crawl Stone Soup version 0.31-a0-431-g88bdf31460 (webtiles) character file.

Game seed: 6499232038454179604

53279 Zonian the Warrior (level 14, -2/113 HPs)
             Began as an Octopode Shapeshifter on Aug 1, 2023.
             Was a High Priest of Nemelex Xobeh.
             Slain by a death yak (24 damage)
             ... on level 5 of the Lair of Beasts.
             The game lasted 00:44:08 (23611 turns).

Zonian the Warrior (Octopode Shapeshifter)         Turns: 23611, Time: 00:44:09

Health: -2/113     AC:  9    Str: 25    XL:     14   Next: 67%
Magic:  8/16       EV: 22    Int: 10    God:    Nemelex Xobeh [*****.]
Gold:   1200       SH:  5    Dex: 22    Spells: 13/13 levels left

rFire   + +          .
                       - Unarmed
rCold   . . .        (no shield)
rNeg    . . .        (helmet currently unavailable)
rPois   +            z - amulet of reflection
rElec   .            i - +4 ring of protection
rCorr   .            l - +5 ring of evasion
SInv    .            p - ring of poison resistance
Will    ++...        u - ring "Setaemu" {rF+ Str+4 Dex+6}
Stlth   ++++++       y - ring of protection from fire
HPRegen 0.38/turn    A - ring "Riafebe" {Fly Will+ Str+3 Dex+2}
MPRegen 0.15/turn    B - +4 ring of protection
                     (no ring)

%: reflection
@: beast-form, flying
A: beast (slay +7), almost no armour, amphibious, 8 rings, camouflage 1,
gelatinous body 1, (nimble swimmer 1), tentacles
a: Begin Untransformation, Renounce Religion, Draw Escape, Draw Destruction,
Draw Summoning, Triple Draw, Deal Four, Stack Five


You were on level 5 of the Lair of Beasts.
You worshipped Nemelex Xobeh.
Nemelex Xobeh was extremely pleased with you.
You were a hulking beast.
You visited 3 branches of the dungeon, and saw 17 of its levels.
You also visited: Bailey.

You collected 1200 gold pieces.

Inventory:

Missiles
 h - 2 throwing nets
Jewellery
 e - an amulet of regeneration
 i - a +4 ring of protection (left tentacle)
 l - a +5 ring of evasion (right tentacle)
 p - a ring of poison resistance (on tentacle)
 t - the ring of Rishrael {Fire rPois Str+2}
   (You acquired it in a bailey)

   [ring of fire]

   It enhances your fire magic.
   Str:       It affects your strength (+2).
   rF:        It protects you from fire.
   rC:        It makes you vulnerable to cold.
   rPois:     It protects you from poison.
 u - the ring "Setaemu" (on tentacle) {rF+ Str+4 Dex+6}
   (You acquired it in a bailey)

   [ring of protection from fire]

   Str:       It affects your strength (+4).
   Dex:       It affects your dexterity (+6).
   rF:        It protects you from fire.
 x - a ring of willpower
 y - a ring of protection from fire (on tentacle)
 z - an amulet of reflection (around mantle)
 A - the ring "Riafebe" (on tentacle) {Fly Will+ Str+3 Dex+2}
   (You found it on level 9 of the Dungeon)

   [ring of flight]

   Str:       It affects your strength (+3).
   Dex:       It affects your dexterity (+2).
   Fly:       It grants you flight.
   Will:      It increases your willpower.
 B - a +4 ring of protection (on tentacle)
 D - an amulet of the acrobat
 F - a ring of protection from fire
 I - a ring of wizardry
Talismans
 b - a beast talisman (active)
Wands
 c - a wand of polymorph (9)
 f - a wand of flame (15)
 r - a wand of roots (17)
Scrolls
 j - 4 scrolls of blinking
 k - 5 scrolls of revelation
 o - 2 scrolls of fog
 C - a scroll of teleportation
 G - 2 scrolls of amnesia
 J - 2 scrolls of identify
 O - a scroll of enchant weapon
 P - a scroll of enchant armour
Potions
 a - 4 potions of lignification
 g - 3 potions of attraction
 m - 3 potions of heal wounds
 n - 8 potions of haste
 q - 2 potions of invisibility
 s - 5 potions of ambrosia
 v - a potion of magic
 w - a potion of might
 E - a potion of enlightenment
 H - 2 potions of degeneration
 N - a potion of mutation
Miscellaneous
 L - a sack of spiders
 M - a lightning rod (3/4)


   Skills:
 - Level 16.4 Fighting
 - Level 5.8 Dodging
 - Level 9.1 Stealth
 + Level 14.1 Unarmed Combat
 + Level 3.2 Invocations
 + Level 3.3 Evocations
 + Level 12.1 Shapeshifting


You had 13 spell levels left.
You didn't know any spells.
Your spell library contained the following spells:

 Spells                   Type           Power      Damage    Failure   Level
 Apportation              Tloc           0%         N/A       36%         1
 Magic Dart               Conj           0%         1d3       36%         1
 Necrotise                Necr           0%         1d4       36%         1
 Shock                    Conj/Air       0%         1d3       36%         1
 Slow                     Hex            0%         N/A       36%         1
 Summon Small Mammal      Summ           0%         N/A       36%         1
 Blink                    Tloc           0%         N/A       50%         2
 Call Imp                 Summ           0%         N/A       50%         2
 Ensorcelled Hibernation  Hex/Ice        0%         N/A       50%         2
 Lesser Beckoning         Tloc           0%         N/A       50%         2
 Momentum Strike          Conj/Tloc      0%         3d8       50%         2
 Passwall                 Tmut/Erth      0%         N/A       50%         2
 Scorch                   Fire           0%         2d5       50%         2
 Call Canine Familiar     Summ           0%         N/A       75%         3
 Confusing Touch          Hex            0%         N/A       75%         3
 Inner Flame              Hex/Fire       0%         N/A       75%         3
 Mephitic Cloud           Conj/Pois/Air  0%         N/A       75%         3
 Portal Projectile        Hex/Tloc       0%         N/A       75%         3
 Swiftness                Air            0%         N/A       75%         3
 Vampiric Draining        Necr           0%         2d6       75%         3
 Vhi's Electric Charge    Tloc/Air       0%         N/A       75%         3
 Flame Wave               Conj/Fire      0%         2d4       98%         4
 Leda's Liquefaction      Hex/Erth       0%         N/A       98%         4
 Arcjolt                  Conj/Air       0%         1d10      100%        5
 Fireball                 Conj/Fire      0%         3d3       100%        5
 Iskenderun's Battlesphe  Conj           0%         2d6       100%        5
 Yara's Violent Unravell  Hex/Tmut       0%         3d3       100%        5
 Conjure Ball Lightning   Conj/Air       0%         3x3d6     100%        6
 Summon Cactus Giant      Summ           0%         N/A       100%        6
 Enfeeble                 Hex            0%         N/A       100%        7
 Malign Gateway           Summ/Tloc      0%         N/A       100%        7
 Orb of Destruction       Conj           0%         9d5       100%        7
 Maxwell's Capacitive Co  Air            0%         ∞         100%        8
 Summon Horrible Things   Summ           0%         N/A       100%        8


Dungeon Overview and Level Annotations

Branches:
Dungeon (11/15)            Temple (1/1) D:4            Lair (5/5) D:11
 Shoals (0/4) Lair:3        Snake (0/4) Lair:3        Slime (0/5) Lair:5
 Bailey (visited)
    Orc: D:9-12

Altars:
Ashenzari
Cheibriados
Dithmenos
Elyvilon
Fedhas
Gozag
Hepliaklqana
Kikubaaqudgha
Makhleb
Nemelex Xobeh
Okawaru
Qazlal
Ru
Sif Muna
Trog
Uskayaw
Vehumet
Wu Jian
Xom
Yredelemnul
Zin
The Shining One
Jiyva

Annotations:
D:3 3 runed translucent doors, BaconRulez's ghost, weakling DgSh; Shard1697's ghost, amateur NaGl; Zonian's ghost, amateur OpSh; arthad's ghost, amateur GrEE; randomguy2701's ghost, amateur MiFi
D:8 2 transporters, AwFulAwFulPlayer's ghost, novice VSMo


Innate Abilities, Weirdness & Mutations

You are a hulking beast.
Your limbs bulge with bestial killing power. (Slay +7)
You cannot wear most types of armour.
You are amphibious.
You can wear up to eight rings at the same time.
Your skin changes colour to match your surroundings (Stealth+).
Your rubbery body absorbs attacks. (AC +1, EV +1)
((You are camouflaged when in or above water. (Stealth+)))
You have tentacles for arms and can constrict up to eight enemies at once.


Message History

You batter the death yak!!
You kill the death yak!
Unknown command.
You tentacle-slap the death yak. You squeeze the death yak.
The death yak is lightly wounded.
You barely miss the death yak. You squeeze the death yak.
The death yak is lightly wounded.
The death yak gores you!!
You bludgeon the death yak! Your squeeze misses the death yak.
The death yak is moderately wounded.
The death yak closely misses you.
Unknown command.
You bludgeon the death yak! Your squeeze misses the death yak.
The death yak is moderately wounded.
The death yak closely misses you.
You tentacle-slap the death yak but do no damage.
You squeeze the death yak, but do no damage.
The death yak is moderately wounded.
Unknown command.
You batter the death yak!!
The death yak is almost dead.
The death yak closely misses you.
You bludgeon the death yak!
You kill the death yak!
Unknown command.
You tentacle-slap the death yak. You squeeze the death yak!
The death yak is lightly wounded.
The death yak gores you.
You bludgeon the death yak! You squeeze the death yak!
The death yak is heavily wounded.
Unknown command.
You tentacle-slap the death yak.
The death yak is heavily wounded.
The death yak gores you!
* * * LOW HITPOINT WARNING * * *
You bludgeon the death yak! You squeeze the death yak.
The death yak is severely wounded.
The death yak gores you!!
You die...
Your body glows with a rainbow of weird colours and disappears.

.#.##
####.......##
..## #...Y...(.#
..# ####.....##
..# ##......####
###
###..........# #
##Y#..........##.
#Y#..####........
##YYY.# ##......#
#h##.## ##.....#
##.### ##....$ ##
##.... ##... #..#
####


You could see 3 death yaks and 2 yaks.

Vanquished Creatures
  A spark wasp (Lair:4)
  6 hydras
  3 catoblepae
  2 boulder beetles
  7 death yaks
  A two-headed ogre (D:9)
  An orc high priest (Bailey)
  A skyshark (Lair:5)
  A lindwurm (Lair:3)
  An orc knight (Bailey)
  An orc sorcerer (Bailey)
  A cyclops (D:11)
  3 elephants (Lair:4)
  2 black mambas
  13 cane toads
  A gargoyle (D:11)
  Maggie (Lair:2)
  2 torpor snails
  7 rime drakes
  10 komodo dragons
  3 meliai (Lair:4)
  2 wandering mushrooms (D:11)
  9 polar bears
  A queen bee (Lair:4)
  A troll (D:9)
  15 blink frogs
  A dream sheep (Lair:4)
  Sigmund (D:3)
  A wraith (D:10)
  A shadow (D:11)
  7 basilisks
  53 yaks
  6 wyverns
  3 vampire mosquitoes (D:11)
  4 steam dragons
  Menkaure (D:5)
  2 nagas (Lair:3)
  3 acid dragons
  15 water moccasins
  14 orc warriors
  3 black bears
  2 sky beasts
  24 wolves
  A centaur (D:9)
  2 ogres (D:6)
  A phantom (D:7)
  10 bullfrogs
  4 scorpions
  7 wights
  32 killer bees (Lair:4)
  10 howler monkeys
  7 electric eels
  3 crimson imps (D:8)
  A jelly (D:7)
  6 orc priests
  2 sleepcaps (D:5)
  3 hounds
  6 iguanas
  11 orc wizards
  6 adders
  9 gnolls
  A white imp (D:6)
  An ufetubus (D:4)
  2 worms
  2 dart slugs
  47 orcs
  10 endoplasms
  A giant cockroach (D:3)
  17 goblins
  10 hobgoblins
  5 jackals
  3 quokkas
  7 ball pythons
  3 bats
  3 frilled lizards (D:2)
  9 kobolds
  4 rats
483 creatures vanquished.

Vanquished Creatures (others)
  A centaur (D:7)
  An orc (D:10)
2 creatures vanquished.

Grand Total: 485 creatures vanquished

Notes
Turn   | Place    | Note
-------+----------+-------------------------------------------
     0 | D:1      | Zonian the Octopode Shapeshifter began the quest for the
                  | Orb.
     0 | D:1      | Reached XP level 1. HP: 13/13 MP: 1/1
   232 | D:1      | Reached XP level 2. HP: 15/18 MP: 2/2
   913 | D:2      | Reached XP level 3. HP: 20/23 MP: 3/3
  1549 | D:2      | Found a white marble altar of Elyvilon.
  1757 | D:3      | Reached skill level 2 in Fighting
  1757 | D:3      | Reached XP level 4. HP: 29/29 MP: 4/4
  1801 | D:3      | Noticed Sigmund
  2000 | D:3      | Reached XP level 5. HP: 29/35 MP: 5/5
  2015 | D:3      | Identified the +2 hand axe of Uskayaw, Building {pain,
                  | Drain rPois rF- Int+3}
  2426 | D:3      | Found a runed translucent gate.
  2427 | D:3      | Found a runed translucent gate.
  2427 | D:3      | Found a runed translucent gate.
  2428 | D:3      | Noticed Zonian's ghost (amateur OpSh)
  2428 | D:3      | Noticed BaconRulez's ghost (weakling DgSh)
  2428 | D:3      | Noticed Shard1697's ghost (amateur NaGl)
  2428 | D:3      | Noticed arthad's ghost (amateur GrEE)
  2428 | D:3      | Noticed randomguy2701's ghost (amateur MiFi)
  2647 | D:3      | Killed Sigmund
  2648 | D:3      | Reached skill level 3 in Fighting
  2648 | D:3      | Reached XP level 6. HP: 29/42 MP: 6/6
  2941 | D:4      | Reached XP level 7. HP: 46/46 MP: 7/7
  3093 | D:4      | Found a staircase to the Ecumenical Temple.
  3102 | Temple   | Entered the Ecumenical Temple
  3186 | D:4      | Found a burning altar of Makhleb.
  3294 | D:4      | Found a sparkling altar of Nemelex Xobeh.
  3803 | D:5      | Entered Level 5 of the Dungeon
  4184 | D:4      | Became a worshipper of Nemelex Xobeh the Trickster
  4222 | D:4      | Reached skill level 4 in Fighting
  4741 | D:4      | Reached skill level 5 in Unarmed Combat
  5005 | D:5      | Noticed a steam dragon
  5014 | D:5      | Killed a steam dragon
  5015 | D:5      | Reached XP level 8. HP: 16/54 MP: 8/8
  5276 | D:5      | Noticed Menkaure
  5284 | D:5      | Killed Menkaure
  5285 | D:5      | Reached skill level 5 in Dodging
  5423 | D:5      | Reached skill level 5 in Shapeshifting
  5829 | D:5      | Found a basalt altar of Yredelemnul.
  5829 | D:5      | Found an ornate altar of the Wu Jian Council.
  5886 | D:5      | Found a blossoming altar of Fedhas.
  5892 | D:5      | Reached skill level 5 in Fighting
  6471 | D:6      | Found a glowing golden altar of the Shining One.
  6983 | D:6      | Found a white marble altar of Elyvilon.
  7155 | D:7      | Found a sacrificial altar of Ru.
  7168 | D:7      | Reached * piety under Nemelex Xobeh
  7186 | D:7      | Reached XP level 9. HP: 60/61 MP: 9/9
  7245 | D:7      | Reached skill level 1 in Stealth
  7377 | D:7      | Found a flagged portal.
  7401 | Bailey   | Entered a bailey
  8060 | Bailey   | Acquired a manual of Fighting
  8062 | Bailey   | Acquired the ring "Setaemu" {rF+ Str+4 Dex+6}
  8065 | Bailey   | Acquired the ring of Rishrael {Fire rPois Str+2}
  8088 | Bailey   | Reached skill level 6 in Fighting
  8205 | Bailey   | Noticed an orc knight
  8226 | Bailey   | Noticed an orc high priest
  8479 | Bailey   | Noticed an orc sorcerer
  8508 | Bailey   | Killed an orc high priest
  8509 | Bailey   | Reached skill level 7 in Fighting
  8610 | Bailey   | Killed an orc sorcerer
  8611 | Bailey   | Reached skill level 5 in Stealth
  8707 | Bailey   | Reached XP level 10. HP: 70/72 MP: 10/10
  8936 | Bailey   | Reached skill level 8 in Fighting
  9073 | Bailey   | Killed an orc knight
  9220 | Bailey   | Found an iron altar of Okawaru.
  9239 | Bailey   | Got the Almanac of Momentum
  9563 | D:7      | Reached skill level 9 in Fighting
  9637 | D:7      | Found an opulent altar of Gozag.
  9638 | D:7      | Received a gift from Nemelex Xobeh
 10155 | D:8      | Reached ** piety under Nemelex Xobeh
 10269 | D:8      | Noticed a two-headed ogre
 10273 | D:8      | Identified the +2 robe "Emuosut" {Will+ Slay+2}
 10620 | D:8      | Found a hazy altar of Hepliaklqana.
 11032 | D:8      | Found a transporter.
 11040 | D:8      | Noticed AwFulAwFulPlayer's ghost (novice VSMo)
 11058 | D:8      | Found a transporter.
 11195 | D:8      | Found a shimmering altar of Xom.
 11679 | D:9      | Identified the ring "Riafebe" {Fly Will+ Str+3 Dex+2}
 11690 | D:9      | Reached *** piety under Nemelex Xobeh
 11876 | D:9      | Noticed a two-headed ogre
 12110 | D:9      | Received a gift from Nemelex Xobeh
 12123 | D:9      | Reached skill level 10 in Fighting
 12136 | D:9      | Reached XP level 11. HP: 68/80 MP: 11/11
 12476 | D:9      | Received a gift from Nemelex Xobeh
 12476 | D:9      | Found a shadowy altar of Dithmenos.
 12531 | D:10     | Entered Level 10 of the Dungeon
 12586 | D:9      | Killed a two-headed ogre
 12900 | D:10     | You fall into a shaft and drop 1 floor!
 12966 | D:11     | Noticed a cyclops
 13357 | D:11     | Reached skill level 11 in Fighting
 13546 | D:11     | Noticed a cyclops
 13757 | D:11     | Killed a cyclops
 13889 | D:11     | Noticed an oklob plant
 13889 | D:11     | Noticed an oklob plant
 14890 | D:10     | Found an ancient bone altar of Kikubaaqudgha.
 14936 | D:10     | Received a gift from Nemelex Xobeh
 15068 | D:10     | Reached **** piety under Nemelex Xobeh
 15152 | D:11     | Reached skill level 12 in Fighting
 15156 | D:11     | Reached skill level 10 in Unarmed Combat
 15361 | D:11     | Found a snail-covered altar of Cheibriados.
 15406 | D:11     | Received a gift from Nemelex Xobeh
 15495 | D:11     | Found a staircase to the Lair.
 15508 | D:11     | an oklob plant changed into a wandering mushroom
 15508 | D:11     | an oklob plant changed into a wandering mushroom
 15748 | Lair:1   | Entered Level 1 of the Lair of Beasts
 15748 | Lair:1   | Noticed a catoblepas
 15763 | Lair:1   | Killed a catoblepas
 15878 | Lair:1   | Reached XP level 12. HP: 92/92 MP: 12/12
 16086 | Lair:1   | Reached skill level 13 in Fighting
 16157 | Lair:1   | Identified the +4 robe of Tempters {Fly}
 16261 | Lair:1   | Received a gift from Nemelex Xobeh
 17043 | Lair:2   | Noticed a five-headed hydra
 17586 | Lair:2   | Reached skill level 14 in Fighting
 17694 | Lair:2   | Noticed Maggie
 17704 | Lair:2   | Killed Maggie
 17755 | Lair:2   | Received a gift from Nemelex Xobeh
 17983 | Lair:2   | You are sucked into a shaft and drop 1 floor!
 17984 | Lair:3   | Found a staircase to the Snake Pit.
 18103 | Lair:3   | Reached skill level 10 in Shapeshifting
 18425 | Lair:3   | Reached XP level 13. HP: 97/102 MP: 13/13
 18446 | Lair:3   | Received a gift from Nemelex Xobeh
 18459 | Lair:3   | Found a staircase to the Shoals.
 18591 | Lair:3   | Reached skill level 15 in Fighting
 19834 | Lair:3   | Received a gift from Nemelex Xobeh
 19970 | Lair:2   | Reached ***** piety under Nemelex Xobeh
 21239 | Lair:4   | Identified the -2 quarterstaff "Fielonwu" {heavy, rC++
                  | SInv}
 21286 | Lair:4   | Reached skill level 16 in Fighting
 21290 | Lair:4   | Reached XP level 14. HP: 59/112 MP: 14/14
 22350 | Lair:4   | Received a gift from Nemelex Xobeh
 22568 | Lair:5   | Entered Level 5 of the Lair of Beasts
 22591 | Lair:5   | Reached skill level 1 in Invocations
 22591 | Lair:5   | Reached skill level 1 in Evocations
 23177 | Lair:5   | Found a staircase to the Slime Pits.
 23179 | Lair:5   | Found a viscous altar of Jiyva.
 23611 | Lair:5   | Slain by a death yak

Illustrated notes

Levels and vault maps discovered:
D:1:      lightli_arrival_statue_moat, layout_loops_corners
D:2:      layout_loops_corners, basic_altar
D:3:      layout_basic, gammafunk_ghost_cemetery, grunt_ministairs_15,
          uniq_sigmund
D:4:      layout_basic, nemelex_altar_shiori, mainiacjoe_overflow_cross_hatched,
          minmay_temple_entry_trees
D:5:      layout_rooms, gammafunk_temple_overflow_elements,
          fedhas_altar_fruit_tree, uniq_menkaure
D:6:      layout_basic, nicolae_overflow_hidden_temple,
          mainiacjoe_overflow_small_starburst
D:7:      layout_basic, mainiacjoe_overflow_brackets, grunt_gozag_statues,
          enter_bailey_5, kennysheep_another_room, nicolae_hexahallways,
          amethyst_killhole
D:8:      nicolae_cairo_tiling_large, layout_basic, kennysheep_mini,
          led_xom_imps, gammafunk_ghost_stat_death, grunt_decor_one_mirror
D:9:      layout_roguey, overflow_temple_1_default, minivault_24
D:10:     layout_rooms, lemuel_crystal_altar
D:11:     layout_basic, dpeg_oklobed_lair, serial_co_window_serial,
          co_window_corner_a, co_window_cross_1, co_window_of_opportunity_a,
          co_window_of_opportunity_a, co_window_corner_a,
          co_window_of_opportunity_c, co_window_broadway_a,
          co_window_broadway_b, co_window_unsneaky_path_a, glass_columns_a,
          cheibrodos_worm_habitat, uniq_snorg
Temple:   hellmonk_temple_rainy
Lair:1:   layout_cave_pods, minivault_11
Lair:2:   beast_lair_carwin_large_2, layout_layer_cave,
          nicolae_quartered_pool_little, uniq_maggie
Lair:3:   layout_hall_layers, elwin_shoals_entry_rooms,
          guppyfry_snake_entry_garden, minmay_shattered_shrine
Lair:4:   regret_index_bee_streams, layout_cave_shapes,
          chequers_serial_rivers_micro_d
Lair:5:   grunt_lair_end_beastmaster, layout_hall_layers,
          dpeg_slime_entry_corner

Skill      XL: |  1  2  3  4  5  6  7  8  9 10 11 12 13 14 |
---------------+-------------------------------------------+-----
Fighting       | 2 3 4 5 7 10 12 14 16 | 16.4
Dodging        | 3 4 5 |  5.8
Unarmed Combat | 4 5 6 7 8 10 11 13 14 | 14.1
Shapeshifting  | 4 5 6 7 8 10 11 12 | 12.1
Stealth        | 5 8 9 |  9.1
Invocations    | 3 |  3.2
Evocations     | 3 |  3.3

Action                     |  1- 3 |  4- 6 |  7- 9 | 10-12 | 13-15 || total
---------------------------+-------+-------+-------+-------+-------++-------
  Melee: Unarmed           |    53 |    82 |   178 |   436 |   397 ||  1146
         Constrict         |    12 |    15 |    42 |    75 |    58 ||   202
         Tentacles         |     7 |    12 |    48 |   126 |   105 ||   298
         Punch             |     3 |     1 |    15 |    37 |    63 ||   119
 Invoke: Draw Destruction  |       |       |       |     9 |    19 ||    28
         Draw Escape       |       |       |       |       |     1 ||     1
         Draw Summoning    |       |       |       |       |     1 ||     1
  Evoke: Wand              |       |       |     7 |     3 |     1 ||    11
         Lightning rod     |       |       |       |       |     3 ||     3
    Use: Scroll            |       |     8 |     8 |     6 |     9 ||    31
         Potion            |       |     1 |     1 |     1 |     1 ||     4
   Stab: Sleeping          |     7 |     5 |     4 |    24 |    13 ||    53
         Distracted        |       |     1 |       |     1 |     2 ||     4
         Invisible         |       |       |       |     1 |       ||     1
 Armour: Skin              |     2 |    10 |    11 |    35 |    56 ||   114
  Dodge: Dodged            |    21 |    42 |   147 |   301 |   336 ||   847
  Block: Other             |       |       |       |    76 |    64 ||   140
         Reflection        |       |       |       |     2 |       ||     2

Table legend: (Time is in decaauts)
 A = Elapsed time spent in this place.
 B = Non-inter-level travel time spent in this place.
 C = Inter-level travel time spent in this place.
 D = Time resting spent in this place.
 E = Time spent auto-exploring this place.
 F = Levels seen in this place.
 G = Mean time per level.
                   A        B        C        D        E       F      G
               +--------+--------+--------+--------+--------+-----+--------+
         Total |  23427 |  22743 |    684 |   8625 |   9920 |  18 | 1301.5 |
       Dungeon |  13640 |  13171 |    469 |   4966 |   6243 |  11 | 1240.0 |
        Temple |     41 |     41 |      0 |      0 |      0 |   1 |   41.0 |
          Lair |   7746 |   7531 |    215 |   2325 |   3573 |   5 | 1549.2 |
        Bailey |   1999 |   1999 |      0 |   1334 |    104 |   1 | 1999.0 |
               +--------+--------+--------+--------+--------+-----+--------+

Top non-repeatable levels by time:
     D:9: 2221 daAuts
     D:4: 2056 daAuts
  Bailey: 1999 daAuts
  Lair:2: 1882 daAuts
  Lair:3: 1732 daAuts
  Lair:1: 1625 daAuts
    D:11: 1609 daAuts
  Lair:4: 1488 daAuts
     D:5: 1219 daAuts
     D:7: 1218 daAuts
     D:8: 1139 daAuts
     D:2: 1041 daAuts
  Lair:5: 1017 daAuts
     D:6: 977 daAuts
     D:1: 903 daAuts
